 Dungeon Crawl Stone Soup version 0.31-a0-1059-g83d41fd8b6 (webtiles) character file.

Game seed: 14537638482428961480

1731 kae the Vexing (level 8, -9/58 HPs)
             Began as a Demonspawn Enchanter on Nov 21, 2023.
             Was an Initiate of Dithmenos.
             Mangled by a manticore (11 damage)
             ... on level 6 of the Dungeon.
             The game lasted 00:07:19 (5289 turns).

kae the Vexing (Demonspawn Enchanter)               Turns: 5289, Time: 00:07:19

Health: -9/58      AC:  4    Str: 12    XL:     8   Next: 76%
Magic:  9/13       EV: 13    Int: 20    God:    Dithmenos [......]
Gold:   211        SH:  5    Dex: 16    Spells: 4/14 levels left

rFire   . . .        a - +2 dagger
rCold   . . .        (no shield)
rNeg    . . .        b - +1 robe
rPois   .            (helmet restricted)
rElec   .            (no cloak)
rCorr   .            q - +0 pair of gloves {Dex+3}
SInv    .            (no boots)
Will    .....        d - amulet of reflection
Stlth   +++          (no ring)
HPRegen 0.29/turn    (no ring)
MPRegen 0.13/turn

%: reflection
@: spiked
A: antennae 2, powered by pain 1, big brain 2, demonic magic 2
a: Renounce Religion


You were on level 6 of the Dungeon.
You worshipped Dithmenos.
Dithmenos was noncommittal.
You visited 2 branches of the dungeon, and saw 7 of its levels.

You collected 211 gold pieces.


Innate Abilities, Weirdness & Mutations

You have a pair of antennae on your head.
You sometimes gain a little power by taking damage.
You have an extremely huge brain. (Int +4)
Spells you cast may paralyse nearby enemies.


   Skills:
 + Level 3.4 Fighting
 * Level 4.9 Short Blades
 + Level 3.6 Dodging
 + Level 4.5 Stealth
 + Level 3.8 Spellcasting
 * Level 6.0 Hexes
 - Level 3.0 Ice Magic
 + Level 1.7 Invocations


You had 4 spell levels left.
You knew the following spells:

 Your Spells              Type           Power      Damage    Failure   Level
a - Ensorcelled Hibernat  Hex/Ice        42%        N/A       3%          2
b - Confusing Touch       Hex            27%        N/A       3%          3
c - Tukima's Dance        Hex            27%        N/A       3%          3
d - Cigotuvi's Dreadful   Necr/Pois/Air  6%         N/A       21%         2

Your spell library contained the following spells:

 Spells                   Type           Power      Damage    Failure   Level
 Dazzling Flash           Conj/Hex       30%        N/A       12%         3
 Summon Guardian Golem    Hex/Summ       15%        N/A       12%         3
 Summon Small Mammal      Summ           12%        N/A       13%         1
 Blink                    Tloc           6%         N/A       21%         2
 Call Canine Familiar     Summ           3%         N/A       36%         3
 Ignite Poison            Fire/Tmut/Pois 3%         N/A       36%         3
 Manifold Assault         Tloc           3%         N/A       78%         4
 Freezing Cloud           Conj/Ice/Air   3%         6-21      94%         5

Inventory:

Hand Weapons
 a - a +2 dagger (weapon)
Missiles
 e - 6 boomerangs
 f - 61 stones
Armour
 b - a +1 robe (worn)
 q - a +0 pair of gloves of dexterity (worn)
   (You found it on level 4 of the Dungeon)
Magical Staves
 p - a staff of poison {!a}
   (You found it on level 4 of the Dungeon)
Jewellery
 d - an amulet of reflection (around neck)
   (You found it on level 3 of the Dungeon)
 T - an amulet of faith {!P}
   (You found it on level 4 of the Dungeon)
Wands
 t - a wand of digging (3)
   (You found it on level 5 of the Dungeon)
Scrolls
 g - a scroll of teleportation {@r4}
 h - 2 scrolls of enchant weapon
 j - 4 scrolls of identify {@r1}
 k - a scroll of fog
 l - 2 scrolls of enchant armour
 s - 2 scrolls of noise {!r}
Potions
 c - a potion of invisibility
 i - a potion of degeneration {!q}
 m - 2 potions of mutation {!q}
 n - a potion of lignification {!q}
 o - a potion of haste {@q3}
 r - a potion of curing {@q1}

Dungeon Overview and Level Annotations

Branches:
Dungeon (6/15) Zot: 26598  Temple (1/1) D:5 Zot: 5926

Altars:
Ashenzari
Cheibriados
Dithmenos
Fedhas
Gozag
Hepliaklqana
Kikubaaqudgha
Nemelex Xobeh
Okawaru
Qazlal
Uskayaw
Vehumet
Wu Jian
Xom
Yredelemnul

Shops:
D:4 *

Annotations:
D:2 Sigmund
D:4 Grinder

#...##......
#.............#
#......_..≈≈..#
#..≈§.... ≈≈..#
#..≈≈... .....#
#.....♣ ....#
#.##.....♣♣....#
#.....H@......#
#######.....###
###.### #.##
#..# ##.# #.#
##.#####
####......##.#


You could see a manticore (skewered).


Message History

You sense a monster nearby.
There is an open door here.
A steam dragon comes into view.
A steam dragon is nearby!
A steam dragon is nearby!
A steam dragon is nearby!
What are your orders? t - Shout!
Orders for allies: a - Attack new target. r - Retreat! s - Stop attacking. g - Guard the area. f - Follow me.
Anything else - Cancel.
You shout for attention!
You start waiting.
A steam dragon is nearby!
The steam dragon misses you. x2
Casting: Ensorcelled Hibernation (safe; 3% risk of failure)
Confirm with . or Enter, or press ? or * to list all spells.
Aiming: Ensorcelled Hibernation (safe; 3% risk of failure)
Press: ? - help, Shift-Dir - straight line, f - steam dragon
Aim: a steam dragon (chance to affect: 53%)
The steam dragon resists with significant effort.
Malevolent energies surge around you.
The steam dragon suddenly stops moving! 😎 MP[-2]
You lost 2 mp, and now have 11/13 mp.
The helpless steam dragon fails to defend itself.
You impale the steam dragon!!
The helpless steam dragon fails to defend itself.
You impale the steam dragon!!
You kill the steam dragon!
Dithmenos accepts your kill.
Unknown command.
Things that are here:
a +0 club; a gnoll corpse
Things that are here:
a +0 spear; a gnoll corpse
Found a stone staircase leading down. 😎 MP[+2]
Your mp is fully restored (13).
Unknown command.
There is a stone staircase leading down here.
A jelly comes into view.
A jelly is nearby!
A jelly is nearby!
A jelly is nearby!
The helpless jelly fails to defend itself.
You impale the jelly!!
You kill the jelly!
Dithmenos accepts your kill.
Your Hexes skill increases to level 6!
You sense a monster nearby.
A manticore comes into view.
A manticore is nearby!
A manticore is nearby!
Unknown command.
The manticore flicks its tail.
You block the volley of spikes... and reflect it back!
The volley of spikes hits the manticore.
Found an ornate altar of the Wu Jian Council.
The manticore flicks its tail.
The volley of spikes hits you!
The barbed spikes become lodged in your body. 😕 HP[-7]
You take 7 damage, and now have 51/58 hp.
Unknown command.
Unknown command.
Unknown command.
The barbed spikes dig painfully into your body as you move.
The manticore bites you!!
* * * LOW HITPOINT WARNING * * *
The manticore barely misses you. The manticore claws you!
* * * LOW HITPOINT WARNING * * *
😨 HP[-30]
You take 30 damage, and now have 21/58 hp.
MASSIVE DAMAGE!! (PAUSE)
Casting: Ensorcelled Hibernation (safe; 3% risk of failure)
Confirm with . or Enter, or press ? or * to list all spells.
Aiming: Ensorcelled Hibernation (safe; 3% risk of failure)
Press: ? - help, Shift-Dir - straight line, f - manticore
Aim: a manticore (lightly wounded, skewered by barbs, chance to affect: 36%)
The manticore easily resists.
Malevolent energies surge around you. The manticore bites you!
* * * LOW HITPOINT WARNING * * *
The manticore claws you!
* * * LOW HITPOINT WARNING * * *
The manticore claws you.
* * * LOW HITPOINT WARNING * * *
😱 HP[-19] MP[-2]
You take 19 damage, and now have 2/58 hp.
MASSIVE DAMAGE!! (PAUSE)
You lost 2 mp, and now have 11/13 mp.
Okay, then.
Casting: Ensorcelled Hibernation (safe; 3% risk of failure)
Confirm with . or Enter, or press ? or * to list all spells.
Aiming: Ensorcelled Hibernation (safe; 3% risk of failure)
Press: ? - help, Shift-Dir - straight line, f/p - manticore
Aim: a manticore (lightly wounded, skewered by barbs, chance to affect: 36%)
The manticore easily resists.
Malevolent energies surge around you. The manticore completely misses you.
The manticore claws you!
You die...

Skill      XL: |  1  2  3  4  5  6  7  8 |
---------------+-------------------------+-----
Short Blades   | 1 2 3 4 |  4.9
Dodging        | 2 3 |  3.6
Ice Magic      | 1 2 3 |  3.0
Fighting       | 1 2 3 |  3.4
Stealth        | 3 4 |  4.5
Hexes          | 4 5 6 |  6.0
Spellcasting   | 3 |  3.8
Invocations    | 1 |  1.7

Action                     |  1- 3 |  4- 6 |  7- 9 || total
---------------------------+-------+-------+-------++-------
  Melee: Dagger            |    73 |   211 |   119 ||   403
         Punch             |       |     2 |     4 ||     6
   Cast: Ensorcelled Hiber |    11 |    26 |    17 ||    54
         Confusing Touch   |       |       |     2 ||     2
    Use: Potion            |     3 |       |       ||     3
         Scroll            |       |    11 |     1 ||    12
   Stab: Sleeping          |    12 |    25 |    15 ||    52
         Paralysed         |     3 |    10 |    11 ||    24
         Confused          |       |       |     2 ||     2
 Armour: Robe              |    41 |   102 |    55 ||   198
  Dodge: Dodged            |    57 |    90 |    44 ||   191
  Block: Other             |       |    17 |    18 ||    35
         Reflection        |       |       |     1 ||     1

Levels and vault maps discovered:
D:1:      dpeg_arrival_rooms_with_view, layout_rooms, serial_forest,
          infiniplex_forest_straight_1, infiniplex_forest_clump_long,
          infiniplex_forest_zigzag_1, infiniplex_forest_end_2,
          infiniplex_forest_lined_3_way, infiniplex_forest_lined_room_3,
          infiniplex_forest_zigzag_1, infiniplex_forest_straight_1,
          dk_noncrumbling_4, nicolae_grassy_gnolls
D:2:      layout_loops_ring, patterned_corridor
D:3:      layout_basic, hellmonk_ecumenical_altar_leap_of_faith, uniq_sigmund
D:4:      layout_basic, nicolae_shop_clearance, uniq_grinder, uniq_robin
D:5:      layout_loops_ring, minmay_temple_entry_grid
D:6:      kb_forest_paths, layout_basic, chequers_temple_overflow_minitemple,
          mainiacjoe_overflow_brackets, nicolae_wu_jian_wuxing_cycle,
          nicolae_concentric_dashed_squares_wild
Temple:   nicolae_temple_bog_church

Notes
Turn   | Place    | Note
-------+----------+-------------------------------------------
     0 | D:1      | kae the Demonspawn Enchanter began the quest for the Orb.
     0 | D:1      | Reached XP level 1. HP: 13/13 MP: 3/3
     0 | D:1      | magus.rc [v1.11.3]
    18 | D:1      | You add the spells Cigotuvi's Dreadful Rot, Ignite Poison
                  | and Freezing Cloud to your library.
    43 | D:1      | Reached skill level 1 in Short Blades
   182 | D:1      | Gained mutation: Spells you cast may paralyse adjacent
                  | enemies. [demonic ancestry]
   182 | D:1      | Reached XP level 2. HP: 19/20 MP: 5/5
   185 | D:1      | Learned a level 2 spell: Ensorcelled Hibernation
   581 | D:2      | Gained mutation: You have a pair of small antennae on your
                  | head. [demonic ancestry]
   581 | D:2      | Reached XP level 3. HP: 23/25 MP: 6/6
   593 | D:2      | HP: 5/25 [gnoll/+0 spear (9)]
   602 | D:1      | Reached skill level 2 in Dodging
   797 | D:2      | Reached skill level 1 in Ice Magic
   802 | D:2      | Reached skill level 1 in Fighting
   802 | D:2      | Gained mutation: You have an unusually large brain. (Int
                  | +2) [demonic ancestry]
   802 | D:2      | Reached XP level 4. HP: 18/32 MP: 0/7
  1021 | D:2      | Identified the +0 whip "Tormentor" {freeze, +Blink rElec
                  | rPois Int-4 Dex-3}
  1209 | D:2      | Reached skill level 3 in Stealth
  1626 | D:2      | Learned a level 3 spell: Confusing Touch
  1629 | D:2      | Learned a level 2 spell: Cigotuvi's Dreadful Rot
  1705 | D:3      | Found a faded altar of an unknown god.
  1847 | D:3      | Noticed Sigmund
  1923 | D:3      | Reached skill level 2 in Short Blades
  2622 | D:4      | Gained mutation: You have a pair of antennae on your head.
                  | [demonic ancestry]
  2622 | D:4      | Reached XP level 5. HP: 37/37 MP: 8/8
  2662 | D:4      | Noticed an ogre
  2855 | D:4      | Reached skill level 4 in Hexes
  2855 | D:4      | Reached skill level 2 in Ice Magic
  2855 | D:4      | Gained mutation: You have an extremely huge brain. (Int +4)
                  | [demonic ancestry]
  2855 | D:4      | Reached XP level 6. HP: 43/44 MP: 4/9
  3012 | D:4      | Noticed Robin
  3063 | D:4      | Killed Robin
  3145 | D:4      | Noticed Grinder
  3181 | D:4      | Learned a level 3 spell: Tukima's Dance
  3184 | D:4      | Learned a level 2 spell: Cigotuvi's Dreadful Rot
  3283 | D:4      | Reached skill level 2 in Fighting
  3405 | D:4      | Reached skill level 3 in Short Blades
  3405 | D:4      | Gained mutation: You sometimes gain a little power by
                  | taking damage. [demonic ancestry]
  3405 | D:4      | Reached XP level 7. HP: 29/50 MP: 8/11
  3494 | D:4      | Reached skill level 3 in Spellcasting
  3499 | D:4      | Found Jivesk's CLEARANCE SALE!.
  3568 | D:4      | You add the spells Blink and Manifold Assault to your
                  | library.
  3893 | D:5      | Entered Level 5 of the Dungeon
  3917 | D:5      | You pick up a book of Callings and begin reading...
  3917 | D:5      | You add the spells Summon Small Mammal, Call Canine
                  | Familiar and Summon Guardian Golem to your library.
  3966 | D:5      | Noticed a wyvern
  3981 | D:5      | Killed a wyvern
  3982 | D:5      | Reached skill level 3 in Ice Magic
  4128 | D:5      | Found a staircase to the Ecumenical Temple.
  4178 | Temple   | Entered the Ecumenical Temple
  4228 | Temple   | Became a worshipper of Dithmenos the Shadowed
  4402 | D:5      | Reached skill level 4 in Short Blades
  4402 | D:5      | Reached skill level 3 in Dodging
  4402 | D:5      | Reached skill level 4 in Stealth
  4402 | D:5      | Reached skill level 5 in Hexes
  4409 | D:5      | Gained mutation: Spells you cast may paralyse nearby
                  | enemies. [demonic ancestry]
  4409 | D:5      | Reached XP level 8. HP: 39/57 MP: 6/12
  4694 | D:5      | Reached skill level 3 in Fighting
  5044 | D:6      | Reached skill level 1 in Invocations
  5192 | D:6      | Found an iron altar of Okawaru.
  5192 | D:6      | Found a hazy altar of Hepliaklqana.
  5200 | D:6      | Found an opulent altar of Gozag.
  5210 | D:6      | Found a faded altar of an unknown god.
  5212 | D:6      | Found a blossoming altar of Fedhas.
  5273 | D:6      | Reached skill level 6 in Hexes
  5284 | D:6      | Noticed a manticore
  5286 | D:6      | Found an ornate altar of the Wu Jian Council.
  5288 | D:6      | HP: 14/58 [manticore (8)]
  5288 | D:6      | HP: 5/58 [manticore (9)]
  5288 | D:6      | HP: 2/58 [manticore (3)]
  5289 | D:6      | Mangled by a manticore

Vanquished Creatures
  A wyvern (D:5)
  A steam dragon (D:6)
  2 water moccasins (D:5)
  An ice beast (D:5)
  A black bear (D:4)
  3 ogres
  A centaur (D:6)
  2 scorpions
  A howler monkey (D:5)
  A gnoll bouda (D:6)
  An orc priest (D:4)
  A sleepcap (D:6)
  4 hounds
  2 jellies
  Robin (D:4)
  9 gnolls
  9 adders
  A white imp (D:5)
  A worm (D:2)
  3 dart slugs
  9 orcs
  2 endoplasms
  6 giant cockroaches
  16 goblins
  13 hobgoblins
  8 jackals
  3 quokkas
  4 ball pythons
  8 bats
  4 frilled lizards
  7 kobolds
  2 rats
128 creatures vanquished.

Table legend:
 A = Non-vault XP
 B = Vault XP
 C = Vault XP percentage of total XP
 D = Non-vault monster count
 E = Vault monster count
 F = Vault count percentage of total count
                 A         B        C        D         E       F
            +---------+---------+-------+---------+---------+-------
      Total |    2422 |      51 |   2.1 |     114 |      14 |  10.9
            +---------+---------+-------+---------+---------+-------
        D:1 |      52 |      17 |  24.6 |      18 |       3 |  14.3
        D:2 |      79 |       0 |   0.0 |      25 |       0 |   0.0
        D:3 |      48 |       0 |   0.0 |      18 |       0 |   0.0
        D:4 |     683 |      34 |   4.7 |      24 |      11 |  31.4
        D:5 |    1031 |       0 |   0.0 |      19 |       0 |   0.0
        D:6 |     529 |       0 |   0.0 |      10 |       0 |   0.0
            +---------+---------+-------+---------+---------+-------

Skill      XL: |  1  2  3  4  5  6  7  8 |
---------------+-------------------------+-----
Short Blades   | 1 2 3 4 |  4.9
Dodging        | 2 3 |  3.6
Ice Magic      | 1 2 3 |  3.0
Fighting       | 1 2 3 |  3.4
Stealth        | 3 4 |  4.5
Hexes          | 4 5 6 |  6.0
Spellcasting   | 3 |  3.8
Invocations    | 1 |  1.7

Action                     |  1- 3 |  4- 6 |  7- 9 || total
---------------------------+-------+-------+-------++-------
  Melee: Dagger            |    73 |   211 |   119 ||   403
         Punch             |       |     2 |     4 ||     6
   Cast: Ensorcelled Hiber |    11 |    26 |    17 ||    54
         Confusing Touch   |       |       |     2 ||     2
    Use: Potion            |     3 |       |       ||     3
         Scroll            |       |    11 |     1 ||    12
   Stab: Sleeping          |    12 |    25 |    15 ||    52
         Paralysed         |     3 |    10 |    11 ||    24
         Confused          |       |       |     2 ||     2
 Armour: Robe              |    41 |   102 |    55 ||   198
  Dodge: Dodged            |    57 |    90 |    44 ||   191
  Block: Other             |       |    17 |    18 ||    35
         Reflection        |       |       |     1 ||     1

Illustrated notes

Table legend:
 A = Kills in this place as a percentage of kills in the entire game.
 B = Kills by you in this place as a percentage of kills by you in the entire game.
 C = Kills by friends in this place as a percentage of kills by friends in the entire game.
 D = Other kills in this place as a percentage of other kills in the entire game.
 E = Experience gained in this place as a percentage of experience gained in the entire game.
 F = Experience gained in this place divided by the number of levels of this place that you have seen.
                   A       B       C       D       E      F
               +-------+-------+-------+-------+-------+----------------------
         Total | 100.0 | 100.0 |   N/A |   N/A | 100.0 | 353.3
       Dungeon | 100.0 | 100.0 |   N/A |   N/A | 100.0 | 412.2
               +-------+-------+-------+-------+-------+----------------------

Table legend: (Time is in decaauts)
 A = Elapsed time spent in this place.
 B = Non-inter-level travel time spent in this place.
 C = Inter-level travel time spent in this place.
 D = Time resting spent in this place.
 E = Time spent auto-exploring this place.
 F = Levels seen in this place.
 G = Mean time per level.
                   A        B        C        D        E       F      G
               +--------+--------+--------+--------+--------+-----+--------+
         Total |   5240 |   5045 |    195 |    366 |   3631 |   7 |  748.6 |
       Dungeon |   5166 |   5016 |    150 |    366 |   3604 |   6 |  861.0 |
        Temple |     73 |     28 |     45 |      0 |     27 |   1 |   73.0 |
               +--------+--------+--------+--------+--------+-----+--------+

Top non-repeatable levels by time:
     D:4: 1130 daAuts
     D:3: 1072 daAuts
     D:5: 900 daAuts
     D:2: 884 daAuts
     D:1: 778 daAuts
     D:6: 400 daAuts
  Temple: 73 daAuts
